 Dungeon Crawl Stone Soup version 0.28.0-47-ge53b351184 (webtiles) character file.

Game seed: 11681156975568757470

18 pkoi the Stinger (level 2, -1/30 HPs)
             Began as a Demigod Venom Mage on Apr 27, 2022.
             Succumbed to an adder's poison
             ... on level 1 of the Dungeon.
             The game lasted 00:01:22 (1267 turns).

pkoi the Stinger (Demigod Venom Mage)               Turns: 1267, Time: 00:01:23

Health: -1/30      AC:  2    Str:  9    XL:     2   Next: 36%
Magic:  1/7        EV: 12    Int: 17    God:
Gold:   39         SH:  0    Dex: 14    Spells: 1/4 levels left

rFire   . . .      SeeInvis .   b - +0 hand axe
rCold   . . .      Faith    .   (no shield)
rNeg    . . .      Spirit   .   a - +0 robe
rPois   .          Reflect  .   (no helmet)
rElec   .          Harm     .   (no cloak)
rCorr   .          Rampage  .   (no gloves)
Will    .....                   (no boots)
Stlth   ..........              (no amulet)
HPRegen 0.10/turn               (no ring)
MPRegen 0.10/turn               (no ring)

@: berserking, lethally poisoned (-1 -> -6), very quick
A: high MP 1, forlorn, divine attributes
a: no special abilities


You were on level 1 of the Dungeon.
You visited 1 branch of the dungeon, and saw 2 of its levels.

You collected 39 gold pieces.

Inventory:

Hand Weapons
 b - a +0 hand axe (weapon)
 f - a +0 war axe
 g - a +0 dagger
Missiles
 d - 5 silver javelins
Armour
 a - a +0 robe (worn)
Scrolls
 e - a scroll of silence {unknown}


   Skills:
 - Level 1.7 Dodging
 - Level 1.7 Stealth
 - Level 1.7 Spellcasting
 - Level 0.8 Transmutations
 + Level 0.0 Air Magic
 + Level 3.5 Poison Magic


You had one spell level left.
You knew the following spells:

 Your Spells              Type           Power      Damage    Failure   Level
a - Sting                 Tmut/Pois      36%        1d4       9%          1
b - Poisonous Vapours     Pois/Air       14%        N/A       14%         2

Your spell library contained the following spells:

 Spells                   Type           Power      Damage    Failure   Level
 Mephitic Cloud           Conj/Pois/Air  5%         N/A       36%         3
 Olgreb's Toxic Radiance  Pois           13%        N/A       41%         4


Dungeon Overview and Level Annotations

Branches:
Dungeon (2/15)


Innate Abilities, Weirdness & Mutations

You have an increased reservoir of magic. (+10% MP)
You shall have no god before yourself.
Your divine heritage dramatically boosts your attributes as you level up.


Message History

The sting hits the worm.
The worm looks even sicker.
The worm is severely wounded.
The adder bites you.
* * * LOW HITPOINT WARNING * * *
The adder bites you.
* * * LOW HITPOINT WARNING * * *
You are poisoned.
The adder poisons you!
You feel sick. The adder closely misses you.
You feel sick.
There is a stone staircase leading up here.
You feel sick. The adder bites you.
* * * LOW HITPOINT WARNING * * *
You climb upwards.
* * * LOW HITPOINT WARNING * * *
You feel sick.
Your magical contamination has completely faded away.
There is a stone staircase leading down here.
Aiming: Sting (safe; 9% risk of failure)
Press: ? - help, Q - select action, (/) - cycle Shift-Dir - straight line, f - adder
Aim: an adder (48% to hit)
The sting hits the adder but does no damage.
The adder is poisoned.
You feel sick. The adder barely misses you. x2
Aiming: Sting (safe; 9% risk of failure)
Press: ? - help, Q - select action, (/) - cycle Shift-Dir - straight line, f/p - adder
Aim: an adder (lightly wounded, poisoned, 48% to hit)
The sting misses the adder.
You feel sick.
You are no longer poisoned.
The adder closely misses you.
It was a potion of berserk rage.
A red film seems to cover your vision as you go berserk!
You feel yourself moving faster!
You feel mighty! The adder bites you.
* * * LOW HITPOINT WARNING * * *
You are lethally poisoned!
The adder poisons you!
You miss the adder.
The adder is lightly wounded.
You die...

.#
#...............≈...≈###...#
.#############.#.###.≈...≈#
#...# .'...............#
#.≈.<.≈# #...#
.########..####..###.≈...≈#
#####
.##..........#.......≈...≈##
.##.#####.#......###≈♣...♣≈##
###.......#......##≈♣⌠♣≈♣⌠♣≈#
..........######....≈♣≈.≈♣≈##
..........'....S@##..≈...≈##
..........##########....###
...............# ######
...........###.# ...........#
#.# ...........# #.#
########.#.# #.# ######.#.#
#.# #......#.#
#.##################


You could see an adder (poisoned).

Vanquished Creatures
  3 bats (D:1)
  An endoplasm (D:1)
  A goblin (D:1)
  3 jackals (D:1)
  A quokka (D:1)
  3 ball pythons
  2 kobolds (D:1)
  3 rats (D:1)
17 creatures vanquished.

Vanquished Creatures (others)
  4 toadstools (D:1)
4 creatures vanquished.

Grand Total: 21 creatures vanquished

Notes
Turn   | Place    | Note
-------+----------+-------------------------------------------
     0 | D:1      | pkoi the Demigod Venom Mage began the quest for the Orb.
     0 | D:1      | Reached XP level 1. HP: 14/14 MP: 5/5
   214 | D:1      | Reached skill level 3 in Poison Magic
   541 | D:1      | Reached XP level 2. HP: 19/20 MP: 2/7
  1244 | D:2      | Learned a level 2 spell: Poisonous Vapours
  1266 | D:1      | HP: 1/30 [adder (2)]
  1267 | D:1      | Succumbed to an adder's poison

Illustrated notes

Levels and vault maps discovered:
D:1:      ldierk_water_garden, layout_basic, serial_glass, glass_columns_a,
          glass_columns_a, shapermc_ecumenical_altar_totnotflames,
          dk_noncrumbling_3
D:2:      layout_rooms, minmay_crystal_water

Skill      XL: |  1 |
---------------+----+-----
Poison Magic   | 3 |  3.5
Dodging        | |  1.7
Stealth        | |  1.7
Spellcasting   | |  1.7
Transmutations | |  0.8

Action                   || total
-------------------------++-------
Melee: Hand axe          ||     4
 Cast: Sting             ||    36
  Use: Potion            ||     1
Armor: Robe              ||     3
Dodge: Dodged            ||    16
